 Dungeon Crawl Stone Soup version 0.18.1-50-g88ac8fd (webtiles) character file.

484552 theElss the Slayer (level 24, -1/259 HPs)
             Began as a Gargoyle Berserker on Oct 3, 2016.
             Was the Champion of Trog.
             Thrown by an iron giant (77 damage)
             ... on level 2 of the Depths on Oct 4, 2016.
             The game lasted 04:31:26 (72115 turns).

theElss the Slayer (Gargoyle Berserker)            Turns: 72115, Time: 04:31:27

Health: -1/259     AC: 48    Str: 40    XL:     24   Next: 92%
Magic:  31/31      EV: 18    Int: 13    God:    Trog [******]
Gold:   3416       SH: 21    Dex: 18    Spells: 0 memorised, 23 levels left

rFire  + + .     SeeInvis +     Q - +3 eveningstar (venom)
rCold  + . .     Gourm    +     j - +2 storm dragon armour
rNeg   + + .     Faith    .     p - +3 shield of Dishonesty {rC++ Str-2 Int+4 Dex+4}
rPois  ∞         Spirit   .     G - +0 helmet
rElec  +         Dismiss  .     A - +2 cloak
rCorr  .         Reflect  .     d - +0 pair of gloves {archery}
SustAt +         Harm     .     i - +2 pair of boots of the Hart {+Inv}
MR     ++...                    q - amulet "Qannuops" {Gourm Str+6}
Stlth  ..........               O - ring of the Barnacle {MR+ Dex+4 Slay+2 SInv}
                                b - ring of Sosem {SustAt rF++ rC- rN+ Stlth+}

@: berserking, flying, very quick, very resistant to hostile enchantments,
extremely unstealthy
A: big wings, negative energy resistance 1, electricity resistance, unbreathing,
petrification resistance, rot immunity, MP-powered wands, AC +17
a: Stop Flying, Berserk, Trog's Hand, Brothers in Arms, Burn Spellbooks,
Renounce Religion, Evoke Invisibility
}: 2/15 runes: barnacled, gossamer


You were on level 2 of the Depths.
You worshipped Trog.
Trog was exalted by your worship.
You were very full.

You visited 9 branches of the dungeon, and saw 45 of its levels.
You visited 1 bazaar.
You also visited: Ice Cave, Volcano and Wizlab.

You collected 7557 gold pieces.
You spent 4141 gold pieces at shops.

Inventory:

Hand Weapons
 t - a +4 morningstar of holy wrath
 Q - a +3 eveningstar of venom (weapon)
Armour
 d - a +0 pair of gloves of archery (worn)
 e - a +2 plate armour of cold resistance
 i - the +2 pair of boots of the Hart (worn) {+Inv}
   (You found it on level 3 of the Crypt)

   It lets you turn invisible.
 j - a +2 storm dragon armour (worn)
 p - the +3 shield of Dishonesty (worn) {rC++ Str-2 Int+4 Dex+4}
   (You acquired it on level 2 of the Lair of Beasts)

   It affects your strength (-2).
   It affects your intelligence (+4).
   It affects your dexterity (+4).
   It greatly protects you from cold.
 A - a +2 cloak (worn)
 G - a +0 helmet (worn)
Rods
 H - a +2 rod of ignition (13/13)
   (You bought it in a shop in a bazaar)
Jewellery
 a - an uncursed ring of positive energy
 b - the ring of Sosem (left hand) {SustAt rF++ rC- rN+ Stlth+}
   (You took it off a deep elf elementalist on level 3 of the Elven Halls)

   [ring of sustain attributes]

   It sustains your strength, intelligence and dexterity.
   It greatly protects you from fire.
   It makes you vulnerable to cold.
   It protects you from negative energy.
   It makes you more stealthy.
 f - the ring "Byup" {-Tele +Fly rC- Int+9 Dex+4}
   (You found it on level 4 of the Vaults)

   [ring of flight]

   It affects your intelligence (+9).
   It affects your dexterity (+4).
   It makes you vulnerable to cold.
   It lets you fly.
   It prevents most forms of teleportation.
 l - an uncursed ring of protection from fire
 q - the amulet "Qannuops" (around neck) {Gourm Str+6}
   (You found it in an ice cave)

   [amulet of the gourmand]

   It allows you to eat raw meat even when not hungry.
   It affects your strength (+6).
 w - the ring of Shaolin {EV+8}
   (You took it off a deep elf high priest on level 2 of the Elven Halls)

   [ring of evasion]

   It affects your evasion (+8).
 K - an uncursed ring of sustain attributes
 L - an uncursed ring of protection from magic
 O - the ring of the Barnacle (right hand) {MR+ Dex+4 Slay+2 SInv}
   (You took it off a necromancer on level 3 of the Crypt)

   [ring of see invisible]

   It affects your dexterity (+4).
   It affects your accuracy and damage with ranged weapons and melee attacks
   (+2).
   It affects your resistance to hostile enchantments.
   It lets you see invisible.
Wands
 h - a wand of heal wounds (0/9)
 o - a wand of flame (22/48)
 y - a wand of lightning (3/15)
 D - a wand of disintegration (13/24)
 I - a wand of digging (4/24)
 Z - a wand of teleportation (3/9)
Scrolls
 c - 11 scrolls of teleportation
 n - 11 scrolls of fog
 r - 6 scrolls of fear
 u - 12 scrolls of magic mapping
 z - a scroll of identify
 F - a scroll of recharging
 J - a scroll of holy word
 R - 6 scrolls of blinking
 S - 5 scrolls of remove curse
Potions
 k - 4 potions of heal wounds
 s - 6 potions of resistance
 x - 5 potions of haste
 B - 15 potions of curing
 E - 3 potions of cancellation
Miscellaneous
 g - a fan of gales
 P - a sack of spiders
 T - a lamp of fire
 X - a lamp of fire
Comestibles
 m - 11 chunks of flesh
 v - 3 beef jerkies
 M - 10 meat rations
 N - a royal jelly
 U - 4 bread rations


   Skills:
 + Level 24.1 Fighting
 - Level 20.2 Maces & Flails
 + Level 17.8 Armour
 + Level 11.3 Dodging
 - Level 19.0 Shields
 * Level 11.7 Evocations


You had 23 spell levels left.
You didn't know any spells.

Dungeon Overview and Level Annotations

Branches:
Dungeon (15/15)            Temple (0/1) D:4            Lair (8/8) D:8
 Shoals (4/4) Lair:4       Spider (4/4) Lair:6        Slime (0/6) Lair:6
    Orc (2/2) D:9             Elf (3/3) Orc:2        Vaults (4/5) D:13
  Crypt (3/3) Vaults:2       Tomb (0/3) Crypt:3      Depths (2/5) D:15

Altars:
Cheibriados
Dithmenos
Elyvilon
Fedhas
Gozag
Kikubaaqudgha
Okawaru
Pakellas
Ru
Sif Muna
Trog
Vehumet
Xom
Yredelemnul
The Shining One
Jiyva

Shops:
D:9 =   D:10 *   D:13 ?   Orc:2 **=(   Elf:3 [   Shoals:4 !   Vaults:1 [
Vaults:3 [   Vaults:4 (

Portals:
Trove: D:12 (give +5 ice dragon armour)


Innate Abilities, Weirdness & Mutations

You are resistant to torment.
Your stone body is resilient (AC +17).
You are immune to poison.
Your large and strong wings let you fly indefinitely.
You resist negative energy.
You are resistant to electric shocks.
You can survive without breathing.
You are immune to petrification.
You are immune to rotting.
You expend magic power (3 MP) to strengthen your wands.


Message History

The stone giant hits you.
Unknown command.
You sock the stone giant!
The stone giant is almost dead.
The iron giant casts a spell at you. The iron shot misses you.
Unknown command.
You hit the stone giant but do no damage.
The stone giant is almost dead.
The stone giant hits you!
Unknown command.
You hit the stone giant.
You kill the stone giant!
Trog accepts your kill. The iron giant casts a spell at you.
The iron shot hits you!
* * * LOW HITPOINT WARNING * * *
A red film seems to cover your vision as you go berserk!
You feel yourself moving faster!
You feel mighty! The iron giant throws you!
You die...

#........#..............,,,,,,,,,
#.[#..#..#...)..........,,,,,,,,,
####.)####..............,,,,,,,,,
,,,+..(....)......##.$..,,,,,****
,,,+..'.((.(...$........,,,,***,*
***#..####†...<(........,,,,,,,,,
*,,#..#,,#....C(........,,,,,,,,,
#)......[#..............,,,,,****
##......##''####@.......,,,,,****
'...........#,,#........,,,,,,,,,
'............,,#........,,,,,,,,,
##....####...,*#........,,,,,,,,,
*)....#,,,...,,'....$...,,,,,,,,,
#..#..#,,,≈..,,'........,,,,,,,,,
****,,*,,8,,*,,####.....,,,,,,,,,
,,,',,,,≈,,,*,,*,,*.....,,,,,,,,,
,,,',,,,,,,,*,,,,,*,,,,,,,,,,**,,


You could see an iron giant.

Vanquished Creatures
  An ancient lich (Crypt:3)
  A greater mummy (WizLab)
  Frederick (Vaults:2)
  Norris (Vaults:3)
  Saint Roka (Vaults:2)
  Nikola (Elf:2)
  Xtahua (Crypt:3)
  A lich (Crypt:3)
  2 tentacled monstrosities (Vaults:4)
  Asterion (Elf:3)
  5 deep elf blademasters
  2 deep elf master archers (Elf:3)
  4 sphinxes
  Polyphemus (Shoals:3)
  2 shadow dragons (Vaults:4)
  A kraken (Shoals:2)
  3 ancient champions
  3 tengu reavers
  Roxanne (Shoals:2)
  3 revenants
  Kirke (Lair:8)
  A large abomination (Vaults:4)
  3 fire giants
  An orc warlord (Vaults:4)
  A frost giant (Depths:2)
  5 deep elf sorcerers
  Aizul (Vaults:2)
  5 ghost moths
  Wiglaf (Vaults:3)
  Donald (Elf:3)
  2 curse skulls
  15 vault wardens
  6 emperor scorpions (Spider:4)
  7 ghouls
  2 deep elf elementalists
  14 ironheart preservers
  A caustic shrike zombie (WizLab)
  9 stone giants
  3 very ugly things
  5 reapers
  A salamander stormcaller (Vaults:3)
  6 deep elf demonologists
  4 deep elf annihilators
  4 spark wasps
  A merfolk javelineer (Shoals:4)
  2 small abominations (Vaults:4)
  4 mummy priests
  17 vault guards
  8 ettins
  10 deep elf death magi
  5 eidola
  A quicksilver dragon zombie (Crypt:2)
  6 jiangshi
  5 deep elf high priests
  4 merfolk impalers
  11 ogre magi
  4 fire dragons
  The ghost of nikopol the Cleaver, a journeyman MiBe of Trog (Lair:1)
  6 yaktaur captains
  6 ice dragons
  2 great orbs of eyes
  4 entropy weavers
  A rakshasa (Vaults:1)
  Harold (D:12)
  Fannar (D:12)
  7 hydras
  7 satyrs
  3 merfolk avatars
  8 centaur warriors
  4 merfolk aquamancers
  32 dancing weapons
  2 catoblepae
  An alligator snapping turtle (Shoals:3)
  4 tengu warriors
  2 death knights
  2 death yaks (Shoals:3)
  A queen ant (Lair:6)
  4 vampire magi
  A titan zombie (Crypt:3)
  An orc high priest (Orc:1)
  2 storm dragon zombies
  3 fire crabs
  7 soul eaters
  20 deep elf knights
  Nergalle (Lair:2)
  Sonja (D:10)
  3 titan skeletons
  A ghost moth zombie (Crypt:3)
  5 hell knights (Depths:1)
  52 skeletal warriors
  A spark wasp zombie (WizLab)
  2 shadow wraiths (Vaults:4)
  A storm dragon skeleton (Crypt:1)
  A deep troll (shapeshifter) (Vaults:2)
  An unseen horror (D:8)
  A deep troll (Vaults:4)
  An anaconda zombie (Crypt:3)
  A hill giant (shapeshifter) (Elf:2)
  9 sea snakes
  20 deep elf archers
  16 phantasmal warriors
  5 giant orange brains
  2 flayed ghosts
  2 shadow dragon zombies
  8 harpies
  18 ironbrand convokers
  6 hill giants
  12 necromancers
  An anaconda skeleton (Crypt:1)
  33 ugly things
  2 frost giant zombies (Crypt:3)
  35 wolf spiders
  A harpy (shapeshifter) (Vaults:1)
  9 orc knights
  2 fire giant zombies
  6 statues (Volcano)
  6 orc sorcerers
  3 stone giant zombies
  An orb spider (shapeshifter) (D:14)
  21 orb spiders
  6 wizards
  22 fauns
  70 deep elf magi
  Maurice (D:12)
  14 griffons
  8 manticores
  4 shadow dragon skeletons
  4 cyclopes
  6 hornets
  2 iron dragon skeletons (Crypt:1)
  A guardian serpent (shapeshifter) (D:15)
  A hell hog skeleton (Crypt:1)
  4 moths of wrath
  8 water nymphs
  A shock serpent zombie (Crypt:1)
  4 stone giant skeletons
  2 frost giant skeletons (Crypt:1)
  12 black mambas
  5 elephants (Lair:7)
  12 vault sentinels
  10 sirens
  An eye of devastation (shapeshifter) (Vaults:2)
  2 ice statues (IceCv)
  A fire giant skeleton (Crypt:1)
  A spiny frog (shapeshifter) (Depths:1)
  2 molten gargoyles (Lair:5)
  4 orange demons (Elf:3)
  2 gargoyles
  A guardian serpent (Lair:8)
  18 spiny frogs
  2 shock serpent skeletons (Crypt:1)
  A dire elephant skeleton (Crypt:1)
  A catoblepas zombie (Crypt:3)
  4 kobold demonologists
  11 freezing wraiths
  16 demonic crawlers
  12 komodo dragons
  2 guardian mummies (WizLab)
  28 yaktaurs
  2 komodo dragons (shapeshifter)
  An iron troll zombie (Crypt:1)
  13 hellwings (Crypt:3)
  5 trolls
  3 tengu conjurers
  A merfolk (shapeshifter) (Depths:2)
  31 merfolk
  30 jumping spiders
  A harpy zombie (Crypt:3)
  A polar bear (Lair:7)
  2 wind drakes
  An entropy weaver zombie (WizLab)
  A raiju (shapeshifter) (Vaults:1)
  12 slime creatures
  26 two-headed ogres
  A deep troll zombie (WizLab)
  2 ushabtiu (Crypt:3)
  11 blink frogs
  4 bog bodies
  A fire giant simulacrum (Crypt:1)
  2 ettin zombies
  9 snapping turtles
  5 boulder beetles
  A griffon skeleton (Crypt:2)
  A human simulacrum (Vaults:3)
  A fire dragon skeleton (Crypt:3)
  12 flying skulls (Crypt:1)
  Sigmund (D:4)
  2 air elementals
  2 ice dragon skeletons (Crypt:1)
  5 ettin skeletons
  3 shadows
  A fire elemental (D:13)
  19 tarantellas
  A vampire (D:13)
  A basilisk (shapeshifter) (Vaults:2)
  79 redbacks
  11 wraiths
  A human (shapeshifter) (Vaults:3)
  A fire bat (Volcano)
  12 wyverns
  41 yaks
  12 hippogriffs
  15 water elementals
  2 hogs (Lair:8)
  2 wargs
  2 hungry ghosts (D:10)
  A gelid demonspawn zombie (WizLab)
  21 vampire mosquitoes
  2 mottled dragons
  6 soldier ants (Lair:6)
  A torturous demonspawn skeleton (Crypt:1)
  18 water moccasins
  Duvessa (D:6)
  A spiny frog skeleton (Crypt:1)
  5 porcupines
  19 ice beasts
  23 orc warriors
  An anubis guard zombie (Crypt:2)
  4 sky beasts
  A swamp dragon zombie (Crypt:3)
  An elephant zombie (Crypt:2)
  4 phantoms
  An eye of draining (D:13)
  3 necrophages
  3 black bears
  10 wasps
  A snapping turtle zombie (Crypt:3)
  56 ogres
  4 boggarts (Vaults:2)
  35 wolves
  30 centaurs
  3 swamp dragon skeletons
  A hog skeleton (Crypt:1)
  11 crocodiles
  6 big kobolds
  A yaktaur zombie (WizLab)
  A rime drake skeleton (Crypt:1)
  2 human zombies
  2 earth elementals
  18 giant frogs
  A gnoll sergeant (D:9)
  13 wyvern skeletons
  Dowan (D:6)
  9 scorpions
  An elf simulacrum (Vaults:4)
  A polar bear skeleton (Crypt:2)
  21 killer bees
  20 wights
  3 electric eels
  10 jellies
  A wolf zombie (Crypt:2)
  A raiju skeleton (Crypt:1)
  5 crimson imps
  A giant frog zombie (D:12)
  13 lava snakes
  A quasit (D:10)
  18 orc priests
  4 centaur zombies
  8 hounds
  20 orc wizards
  Jessica (D:3)
  5 centaur skeletons
  5 iguanas
  44 worker ants
  A black bear skeleton (Crypt:2)
  18 sheep
  A big kobold zombie (Crypt:1)
  A naga zombie (Crypt:3)
  A naga skeleton (Crypt:1)
  A dwarf skeleton (Crypt:2)
  A tengu skeleton (Crypt:1)
  A mummy (Crypt:3)
  A howler monkey zombie (D:7)
  27 adders
  25 gnolls
  54 river rats
  5 shadow imps
  A white imp (Vaults:1)
  9 oozes
  An adder skeleton (D:7)
  6 worms
  2 dart slugs
  7 giant geckos
  84 orcs
  5 giant cockroaches
  8 hobgoblins
  7 jackals
  19 kobolds
  5 quokkas
  3 ball pythons
  12 bats
  3 giant newts
  A giant newt zombie (Crypt:1)
  7 goblins
  A jackal skeleton (D:4)
  A jackal zombie (D:7)
  A quokka skeleton (D:7)
  11 rats
  3 crawling corpses
  A fungus (Lair:6)
  5 plants
  4 tentacles (Shoals:2)
2183 creatures vanquished.

Vanquished Creatures (collateral kills)
  Mennas (Vaults:2)
  Sojobo (Vaults:2)
  A tengu reaver (Vaults:2)
  The ghost of Britaniac the Geomancer, an adept GrEE of Vehumet (Shoals:4)
  Ilsuiw (Shoals:4)
  A merfolk javelineer (Shoals:4)
  A mummy priest (WizLab)
  2 deep elf archers (Vaults:2)
  An orc sorcerer (Vaults:2)
  An orc knight (Vaults:2)
  A yaktaur zombie (WizLab)
  A komodo dragon (Lair:2)
  2 yaktaurs (Vaults:2)
  A merfolk (Shoals:4)
  A warg (Vaults:2)
  4 orc warriors (Vaults:2)
  An ogre (Vaults:2)
  An orc priest (Vaults:2)
  3 orcs (Vaults:2)
26 creatures vanquished.

Vanquished Creatures (others)
  A deep elf death mage (Vaults:4)
  A deep elf high priest (Elf:2)
  A dancing weapon (Elf:2)
  3 deep elf knights
  An orc knight (Vaults:3)
  A gargoyle (D:14)
  A merfolk (Shoals:1)
  A tarantella (Spider:2)
  A human (Lair:8)
  2 orc warriors
  A centaur (Vaults:4)
  An orc priest (Vaults:4)
  3 orcs
  24 fungi
  9 lost souls
  21 plants
  9 tentacles (Shoals:2)
  83 tentacle segments (Shoals:2)
  18 withered plants (Crypt:3)
182 creatures vanquished.

Grand Total: 2391 creatures vanquished

Notes
Turn   | Place    | Note
--------------------------------------------------------------
     0 | D:1      | theElss the Gargoyle Berserker began the quest for the Orb.
     0 | D:1      | Reached XP level 1. HP: 14/14 MP: 1/1
   586 | D:1      | Reached XP level 2. HP: 12/19 MP: 2/2
  1305 | D:1      | Reached XP level 3. HP: 24/24 MP: 3/3
  1935 | D:2      | Reached ** piety under Trog
  1942 | D:2      | Reached skill level 4 in Fighting
  1968 | D:2      | Found an iron altar of Okawaru.
  1968 | D:2      | Found a shadowy altar of Dithmenos.
  2042 | D:2      | Reached XP level 4. HP: 29/29 MP: 4/4
  2251 | D:2      | Found an ancient bone altar of Kikubaaqudgha.
  2253 | D:2      | Found a blossoming altar of Fedhas.
  2362 | D:2      | Found a basalt altar of Yredelemnul.
  2382 | D:2      | Found a shimmering altar of Xom.
  2406 | D:2      | Reached XP level 5. HP: 24/34 MP: 5/5
  2612 | D:3      | Noticed Jessica
  2621 | D:3      | Killed Jessica
  3136 | D:3      | Reached XP level 6. HP: 38/39 MP: 6/6
  3199 | D:3      | Found an oddly glowing altar of Pakellas.
  3424 | D:3      | Reached *** piety under Trog
  4220 | D:4      | Found a staircase to the Ecumenical Temple.
  4235 | D:4      | Noticed Sigmund
  4250 | D:4      | Killed Sigmund
  4250 | D:4      | Reached skill level 5 in Fighting
  4250 | D:4      | Reached XP level 7. HP: 44/44 MP: 7/7
  4557 | D:5      | Entered Level 5 of the Dungeon
  4609 | D:5      | Reached skill level 5 in Maces & Flails
  5063 | D:5      | Reached XP level 8. HP: 30/50 MP: 8/8
  5547 | D:6      | Found a snail-covered altar of Cheibriados.
  5560 | D:6      | Reached skill level 5 in Armour
  5868 | D:6      | Noticed Dowan
  5869 | D:6      | Noticed Duvessa
  5910 | D:6      | Killed Dowan
  6039 | D:6      | Killed Duvessa
  6129 | D:6      | Reached skill level 6 in Fighting
  6386 | D:6      | Reached skill level 5 in Dodging
  6468 | D:7      | Reached skill level 1 in Shields
  6681 | D:7      | Reached XP level 9. HP: 36/56 MP: 9/9
  6895 | D:7      | Reached **** piety under Trog
  7046 | D:7      | Found a glowing golden altar of the Shining One.
  7604 | D:8      | Found a white marble altar of Elyvilon.
  7662 | D:8      | Found a staircase to the Lair.
  8051 | D:8      | Reached ***** piety under Trog
  8099 | D:8      | Killed an unseen horror
  8099 | D:8      | Reached skill level 7 in Fighting
  8099 | D:8      | Reached skill level 5 in Shields
  8099 | D:8      | Reached XP level 10. HP: 37/63 MP: 10/10
  8953 | D:9      | Found a sacrificial altar of Ru.
  9241 | D:9      | Found an opulent altar of Gozag.
  9468 | D:9      | Found a staircase to the Orcish Mines.
  9703 | D:9      | Found a bloodstained altar of Trog.
  9710 | D:9      | Found a radiant altar of Vehumet.
  9736 | D:9      | Received a gift from Trog
  9752 | D:9      | Found Voafutir's Jewellery Shoppe.
  9760 | D:9      | Bought an uncursed amulet of the gourmand for 300 gold pieces
 10139 | D:9      | Reached skill level 8 in Fighting
 10504 | D:10     | Entered Level 10 of the Dungeon
 10504 | D:10     | Found an iron altar of Okawaru.
 10611 | D:10     | Noticed Sonja
 10634 | D:10     | Killed Sonja
 10634 | D:10     | Reached XP level 11. HP: 68/68 MP: 11/11
 10764 | D:10     | Found Moeshe Vups's Serpentskin Sales.
 11631 | D:11     | Noticed a manticore
 11640 | D:11     | Killed a manticore
 11765 | D:11     | Noticed a four-headed hydra
 11775 | D:11     | Killed a four-headed hydra
 12022 | D:11     | Noticed a hill giant
 12034 | D:11     | Killed a hill giant
 12420 | Lair:1   | Entered Level 1 of the Lair of Beasts
 12538 | Lair:1   | Received a gift from Trog
 12586 | Lair:1   | Reached skill level 9 in Fighting
 12651 | Lair:1   | Reached skill level 10 in Maces & Flails
 12821 | Lair:1   | Found a labyrinth entrance.
 13151 | Lair:1   | Reached XP level 12. HP: 42/76 MP: 12/12
 13450 | Lair:1   | Noticed nikopol's ghost (journeyman MiBe)
 13475 | Lair:1   | Killed nikopol's ghost
 14380 | Lair:2   | Noticed Nergalle
 14437 | Lair:2   | Reached ****** piety under Trog
 14805 | Lair:2   | Killed Nergalle
 14805 | Lair:2   | Received a gift from Trog
 14805 | Lair:2   | Reached skill level 10 in Shields
 15543 | Lair:2   | Reached skill level 10 in Fighting
 16304 | Lair:3   | Reached skill level 10 in Armour
 16492 | Lair:3   | Found a frozen archway.
 16514 | Lair:3   | Noticed a catoblepas
 16526 | Lair:3   | Killed a catoblepas
 16761 | IceCv    | Entered an ice cave
 16991 | IceCv    | Received a gift from Trog
 17239 | IceCv    | Reached XP level 13. HP: 74/83 MP: 13/13
 17789 | IceCv    | Noticed an ice dragon
 17804 | IceCv    | Killed an ice dragon
 17863 | IceCv    | Noticed an ice dragon
 17874 | IceCv    | Killed an ice dragon
 18075 | IceCv    | Got a smoking jade amulet
 18079 | IceCv    | Got a brightly glowing ruby amulet
 18227 | IceCv    | Identified the amulet "Ulaxal" {Harm *Drain +Fly rC- MP+9 Dex+4} (You found it in an ice cave)
 18269 | IceCv    | Identified the amulet "Qannuops" {Gourm Str+6} (You found it in an ice cave)
 18953 | Lair:4   | Found a staircase to the Shoals.
 19551 | Lair:4   | Received a gift from Trog
 19574 | Lair:4   | Got a dazzling demon whip {god gift}
 19575 | Lair:4   | Identified the +9 demon whip of Imbalance {elec, rElec rPois Dex-5} (Trog gifted it to you on level 4 of the Lair of Beasts)
 20279 | Lair:4   | Found a deep blue altar of Sif Muna.
 21548 | Lair:5   | Reached skill level 11 in Fighting
 21592 | Lair:5   | Received a gift from Trog
 22313 | Lair:6   | Found a hole to the Spider Nest.
 22326 | Lair:6   | Found a viscous altar of Jiyva.
 22326 | Lair:6   | Found a staircase to the Slime Pits.
 23256 | Lair:7   | Gained mutation: Your large and strong wings let you fly indefinitely. [Gargoyle growth]
 23256 | Lair:7   | Reached XP level 14. HP: 90/90 MP: 14/14
 23375 | Lair:7   | Received a gift from Trog
 24070 | Lair:8   | Entered Level 8 of the Lair of Beasts
 24314 | Lair:8   | Received a gift from Trog
 24345 | Lair:8   | Reached skill level 12 in Fighting
 24457 | Lair:8   | Found a dark tunnel.
 24487 | Volcano  | Entered a volcano
 24982 | Volcano  | Found an iron altar of Okawaru.
 25805 | Lair:8   | Noticed Kirke
 25817 | Lair:8   | Killed Kirke
 26523 | Spider:1 | Entered Level 1 of the Spider Nest
 27004 | Spider:1 | Received a gift from Trog
 27052 | Spider:1 | Reached XP level 15. HP: 97/97 MP: 15/15
 27160 | Spider:1 | Killed a ghost moth
 28084 | Spider:2 | Reached skill level 13 in Fighting
 29346 | Spider:2 | Received a gift from Trog
 29823 | Spider:2 | Killed a ghost moth
 30387 | Spider:3 | HP: 6/148 [redback (6)]
 30752 | Spider:3 | Reached XP level 16. HP: 78/104 MP: 16/16
 30797 | Spider:3 | Received a gift from Trog
 31630 | Spider:4 | Entered Level 4 of the Spider Nest
 31970 | Spider:4 | Reached skill level 15 in Maces & Flails
 32625 | Spider:4 | Reached skill level 15 in Shields
 33290 | Spider:4 | Received a gift from Trog
 33488 | Spider:4 | Got a gossamer rune of Zot
 33535 | Spider:4 | Reached skill level 14 in Fighting
 33781 | Shoals:1 | Entered Level 1 of the Shoals
 34534 | Shoals:1 | Reached XP level 17. HP: 97/111 MP: 17/17
 35394 | Shoals:2 | Noticed a kraken
 35420 | Shoals:2 | Killed a kraken
 35704 | Shoals:2 | Received a gift from Trog
 35926 | Shoals:2 | Noticed Roxanne
 36544 | Shoals:2 | Killed Roxanne
 37027 | Shoals:3 | Noticed Polyphemus
 37059 | Shoals:3 | Killed Polyphemus
 37719 | Shoals:3 | Received a gift from Trog
 37862 | Shoals:4 | Entered Level 4 of the Shoals
 37888 | Shoals:4 | Noticed Ilsuiw
 38097 | Shoals:4 | Killed Ilsuiw
 39584 | Shoals:4 | Noticed Britaniac's ghost (adept GrEE)
 40445 | Shoals:3 | Reached XP level 18. HP: 30/118 MP: 18/18
 40763 | Shoals:3 | Reached skill level 15 in Fighting
 41358 | Shoals:4 | Got a barnacled rune of Zot
 41374 | Shoals:4 | Killed Britaniac's ghost
 41685 | Shoals:4 | Found Teongo's Distillery.
 41693 | Shoals:4 | Bought a potion of haste for 130 gold pieces
 41693 | Shoals:4 | Bought a potion of curing for 39 gold pieces
 41693 | Shoals:4 | Bought 2 potions of cancellation for 208 gold pieces
 41693 | Shoals:4 | Bought a potion of resistance for 130 gold pieces
 42031 | Lair:2   | Identified 7 scrolls of acquirement
 42088 | Lair:2   | Got an ichor-stained shield
 42099 | Lair:2   | Identified the +3 shield of Dishonesty {rC++ Str-2 Int+4 Dex+4} (You acquired it on level 2 of the Lair of Beasts)
 42377 | D:12     | Noticed Harold
 42390 | D:12     | Killed Harold
 42538 | D:12     | Noticed Fannar
 42552 | D:12     | Killed Fannar
 42716 | D:12     | Noticed Maurice
 42734 | D:12     | Killed Maurice
 43139 | D:12     | Found a portal to a secret trove of treasure.
 43167 | D:13     | Received a gift from Trog
 43331 | D:13     | Found Jiuren's Magic Scroll Shop.
 43342 | D:13     | Found a gate to the Vaults.
 43430 | D:13     | Bought a scroll of recharging for 161 gold pieces
 43430 | D:13     | Bought a scroll of immolation for 59 gold pieces
 43430 | D:13     | Bought a scroll of identify for 34 gold pieces
 44119 | D:13     | Found a large runed door.
 44119 | D:13     | Found a large runed door.
 45200 | D:15     | Entered Level 15 of the Dungeon
 45476 | D:15     | Received a gift from Trog
 45567 | D:15     | Found a staircase to the Depths.
 46739 | Vaults:1 | Entered Level 1 of the Vaults
 46837 | Vaults:1 | Received a gift from Trog
 47356 | Vaults:1 | Found Vulle Jomn's Antique Armour Boutique.
 47393 | Vaults:1 | Reached XP level 19. HP: 117/125 MP: 19/19
 47636 | Vaults:1 | Reached skill level 16 in Fighting
 48518 | Orc:1    | Entered Level 1 of the Orcish Mines
 48797 | Orc:1    | Received a gift from Trog
 49317 | Orc:2    | Entered Level 2 of the Orcish Mines
 49350 | Orc:2    | Received a gift from Trog
 49868 | Orc:2    | Found a staircase to the Elven Halls.
 49872 | Orc:2    | Found Ymusa's Jewellery Shop.
 49872 | Orc:2    | Found Doas's General Store.
 49873 | Orc:2    | Found Xadeh's Weapon Shoppe.
 49873 | Orc:2    | Found Ruixta Locs's General Store.
 50049 | Orc:2    | Bought a scroll of identify for 22 gold pieces
 50049 | Orc:2    | Bought a scroll of blinking for 82 gold pieces
 50242 | Elf:1    | Entered Level 1 of the Elven Halls
 50349 | Elf:1    | Received a gift from Trog
 51778 | Elf:1    | Received a gift from Trog
 51967 | Elf:2    | Found a magical portal.
 51998 | WizLab   | Entered Doroklohe's Tomb
 52017 | WizLab   | Reached skill level 1 in Evocations
 52236 | WizLab   | Noticed a greater mummy
 52256 | WizLab   | Killed a greater mummy
 52462 | WizLab   | Identified the Incunabulum of Good Intentions
 52530 | WizLab   | Reached XP level 20. HP: 85/132 MP: 21/21
 52875 | WizLab   | Got a crude hunting sling
 52954 | WizLab   | Identified the +6 hunting sling of Annipa {freeze, +Fly rN+} (You found it in a wizard's laboratory)
 53370 | Elf:2    | Found a huge runed gate.
 53370 | Elf:2    | Found a huge runed gate.
 53370 | Elf:2    | Found a huge runed gate.
 53372 | Elf:2    | Found a huge runed gate.
 53373 | Elf:2    | Found a huge runed gate.
 53439 | Elf:2    | Found a radiant altar of Vehumet.
 53581 | Elf:2    | Noticed Nikola
 53608 | Elf:2    | Killed Nikola
 53608 | Elf:2    | Reached skill level 15 in Armour
 53791 | Elf:2    | Reached skill level 17 in Fighting
 54074 | Elf:2    | Received a gift from Trog
 54829 | Elf:3    | Entered Level 3 of the Elven Halls
 55214 | Elf:3    | Noticed a Tzitzimitl
 55616 | Elf:2    | Received a gift from Trog
 56810 | Elf:3    | Reached skill level 5 in Evocations
 56920 | Elf:3    | Noticed Donald
 56933 | Elf:3    | Killed Donald
 56933 | Elf:3    | Reached XP level 21. HP: 140/140 MP: 24/24
 56950 | Elf:3    | Got a brightly glowing chain mail
 56961 | Elf:3    | Identified the +4 chain mail of the Imp {*Contam rElec MR+++ Int-3} (You found it on level 3 of the Elven Halls)
 57016 | Elf:3    | Gained mutation: You expend magic power (3 MP) to strengthen your wands. [mutagenic glow]
 57113 | Elf:3    | Found Negesh's Armour Shoppe.
 57241 | Elf:3    | Noticed Asterion
 57256 | Elf:3    | Killed Asterion
 57472 | Elf:3    | Got a warped turquoise ring
 57475 | Elf:3    | Got a polished leather armour
 57508 | Elf:2    | Identified the cursed +0 leather armour of the Cuttlefish {rPois} (You took it off a deep elf elementalist on level 3 of the Elven Halls)
 57523 | Elf:2    | Identified the ring of Sosem {SustAt rF++ rC- rN+ Stlth+} (You took it off a deep elf elementalist on level 3 of the Elven Halls)
 57901 | Elf:3    | Identified the Reference Book on Stolen Souls (You found it on level 3 of the Elven Halls)
 58128 | Elf:1    | Identified a +6 rod of inaccuracy (14/14) (You found it on level 3 of the Elven Halls)
 58324 | Vaults:2 | Found a flickering gateway to a bazaar.
 58352 | Bazaar   | Entered a bazaar
 58354 | Bazaar   | Found Mone Iss's General Store.
 58358 | Bazaar   | Bought a scroll of teleportation for 36 gold pieces
 58358 | Bazaar   | Found Jexeqas's Gadget Boutique.
 58358 | Bazaar   | Found Woucoop's Food Boutique.
 58359 | Bazaar   | Found Qutyjis's Assorted Antiques.
 58384 | Bazaar   | Bought a +2 rod of ignition (13/13) for 1200 gold pieces
 58384 | Bazaar   | Bought a fan of gales for 480 gold pieces
 59101 | Vaults:2 | Found a staircase to the Crypt.
 59101 | Vaults:2 | Found a basalt altar of Yredelemnul.
 59102 | Vaults:2 | Found an ancient bone altar of Kikubaaqudgha.
 59109 | Crypt:1  | Entered Level 1 of the Crypt
 59215 | Crypt:1  | Reached skill level 18 in Fighting
 60442 | Crypt:1  | Got a faintly glowing shield
 60453 | Crypt:1  | Identified the +1 shield "Atongurubegh" {rF- Int+2 Dex+8} (You took it off a skeletal warrior on level 1 of the Crypt)
 60616 | Crypt:1  | Reached skill level 19 in Fighting
 60695 | Crypt:1  | Reached skill level 10 in Dodging
 61263 | Vaults:2 | Reached XP level 22. HP: 141/150 MP: 27/27
 61395 | Vaults:2 | Noticed Mennas
 61425 | Vaults:2 | Killed Mennas
 61425 | Vaults:2 | Received a gift from Trog
 61441 | Vaults:2 | Noticed Sojobo
 61717 | Vaults:2 | Killed Sojobo
 62520 | Crypt:2  | Reached skill level 20 in Fighting
 63245 | Crypt:3  | Entered Level 3 of the Crypt
 63820 | Vaults:2 | Noticed Frederick
 63839 | Vaults:2 | Killed Frederick
 64070 | Vaults:2 | Noticed Saint Roka
 64096 | Vaults:2 | Killed Saint Roka
 64595 | Crypt:3  | Found a staircase to the Tomb.
 64631 | Crypt:3  | Received a gift from Trog
 64935 | Crypt:3  | Noticed Xtahua
 64970 | Crypt:3  | Killed Xtahua
 64988 | Crypt:3  | Killed the ghostly Xtahua
 65933 | Crypt:3  | Found an ancient bone altar of Kikubaaqudgha.
 65957 | Crypt:3  | Reached XP level 23. HP: 138/159 MP: 29/29
 66082 | Crypt:3  | Reached skill level 21 in Fighting
 66125 | Crypt:3  | Got a slimy silver ring
 66128 | Crypt:3  | Identified the ring of the Barnacle {MR+ Dex+4 Slay+2 SInv} (You took it off a necromancer on level 3 of the Crypt)
 66139 | Crypt:3  | Noticed an ancient lich
 66151 | Crypt:3  | Killed an ancient lich
 66165 | Crypt:3  | Got a pair of translucent boots
 66176 | Crypt:3  | Identified the +2 pair of boots of the Hart {+Inv} (You found it on level 3 of the Crypt)
 67256 | Vaults:2 | Noticed Aizul
 67268 | Vaults:2 | Killed Aizul
 67336 | Vaults:3 | Noticed Norris
 67368 | Vaults:3 | Killed Norris
 67557 | Vaults:3 | Received a gift from Trog
 67999 | Vaults:3 | Found Anlaodd's Antique Armour Emporium.
 68020 | Vaults:3 | Bought a polished plate armour for 1260 gold pieces
 68036 | Vaults:3 | Identified the +14 plate armour "Tethouts" {Str+3 Int+4} (You bought it in a shop on level 3 of the Vaults)
 68259 | Vaults:3 | Reached skill level 22 in Fighting
 68309 | Vaults:3 | Reached skill level 10 in Evocations
 68455 | Vaults:3 | Noticed Wiglaf
 68464 | Vaults:3 | Killed Wiglaf
 68655 | Vaults:3 | Received a gift from Trog
 69017 | Vaults:4 | Reached XP level 24. HP: 123/169 MP: 30/30
 69602 | Vaults:4 | Received a gift from Trog
 69602 | Vaults:4 | Reached skill level 23 in Fighting
 70067 | Vaults:4 | Found Erry's Weapon Shoppe.
 70135 | Vaults:4 | Received a gift from Trog
 70169 | Vaults:4 | Got a fine great mace {god gift}
 70175 | Vaults:4 | Identified the +10 great mace of Ilidievva {flame, rPois} (Trog gifted it to you on level 4 of the Vaults)
 70600 | Vaults:4 | Got a topaz-encrusted plate armour
 70603 | Vaults:4 | Got a wavering platinum ring
 70605 | Vaults:4 | Identified the ring "Byup" {-Tele +Fly rC- Int+9 Dex+4} (You found it on level 4 of the Vaults)
 70618 | Vaults:4 | Identified the cursed +0 plate armour "Kutre" {rN+ MP-9 Str+4} (You found it on level 4 of the Vaults)
 70634 | Vaults:4 | Got a translucent great sword
 70975 | Vaults:4 | Got a dazzling battleaxe
 71266 | Depths:1 | Entered Level 1 of the Depths
 71683 | Depths:1 | Received a gift from Trog
 71764 | Depths:1 | You are sucked into a shaft!
 71784 | Depths:2 | Reached skill level 24 in Fighting
 72115 | Depths:2 | Thrown by an iron giant

Skill      XL: |  1  2  3  4  5  6  7  8  9 10 11 12 13 14 15 16 17 18 19 20 21 22 23 24 |
---------------+-------------------------------------------------------------------------+-----
Fighting       | 4 5 6 7 8 9 10 11 12 13 14 15 16 17 19 20 22 24 | 24.1
Dodging        | 2 3 4 5 6 7 8 9 10 11 | 11.3
Armour         | 3 4 6 7 8 9 10 11 12 13 14 15 16 17 | 17.8
Maces & Flails | 4 5 6 7 9 10 11 12 13 14 15 16 17 18 20 | 20.2
Shields        | 1 5 7 9 11 12 13 14 16 17 18 19 | 19.0
Evocations     | 2 5 7 9 10 11 | 11.7

Action                   |  1- 3 |  4- 6 |  7- 9 | 10-12 | 13-15 | 16-18 | 19-21 | 22-24 || total
-------------------------+-------+-------+-------+-------+-------+-------+-------+-------++-------
Melee: Mace              |   130 |   294 |   274 |       |       |       |       |       ||   698
       Flail             |       |       |   326 |   828 |   281 |    10 |  1073 |   963 ||  3481
       Morningstar       |       |       |       |   495 |       |       |       |       ||   495
       Demon whip        |       |       |       |       |   478 |    52 |       |       ||   530
       Eveningstar       |       |       |       |       |   708 |  1817 |  1314 |  1459 ||  5298
Invok: Berserk           |     1 |     2 |     6 |    12 |    11 |     8 |     3 |    11 ||    54
       Trog's Hand       |       |     1 |     1 |     2 |     3 |     1 |     1 |     4 ||    13
       Brothers in Arms  |       |       |       |     1 |       |     2 |     1 |     4 ||     8
       Burn Spellbooks   |       |       |       |       |       |     1 |       |       ||     1
 Abil: Evoke Flight      |       |       |       |       |     1 |       |       |       ||     1
       Fly               |       |       |       |       |     1 |       |       |       ||     1
Evoke: Sack of spiders   |       |       |       |       |       |       |     1 |       ||     1
       Wand              |       |       |       |       |       |       |       |     2 ||     2
  Use: Scroll            |       |       |     6 |     8 |     1 |     8 |     8 |     8 ||    39
       Potion            |       |       |       |       |       |     1 |       |     2 ||     3
 Stab: Invisible         |       |       |       |     1 |       |       |       |       ||     1
       Paralysed         |       |       |       |     1 |       |       |       |       ||     1
       Distracted        |       |       |       |       |       |       |     1 |     1 ||     2
  Eat: Chunk             |     5 |     8 |    15 |    64 |    55 |    71 |    40 |    58 ||   316
       Meat ration       |       |       |     1 |       |       |       |       |       ||     1
       Beef jerky        |       |       |       |       |     1 |       |       |       ||     1
       Pizza             |       |       |       |       |       |       |     1 |       ||     1
Armor: Animal skin       |    40 |       |       |       |       |       |       |       ||    40
       Scale mail        |     9 |   177 |    44 |       |       |       |       |       ||   230
       Ring mail         |     2 |       |       |       |       |       |       |       ||     2
       Chain mail        |       |       |   305 |   699 |   446 |       |       |       ||  1450
       Plate armour      |       |       |       |       |   441 |   940 |   594 |   722 ||  2697
       Skin              |       |       |       |       |       |       |     2 |       ||     2
       Storm dragon armo |       |       |       |       |       |       |       |    83 ||    83
Dodge: Dodged            |    97 |   175 |   348 |   706 |   796 |   729 |   682 |   915 ||  4448
Block: Buckler           |       |       |    99 |   433 |   449 |       |       |       ||   981
       Shield            |       |       |       |       |   174 |  1553 |  1604 |  1992 ||  5323
